 Dungeon Crawl Stone Soup version 0.28-a0-863-g8cecda6153 (webtiles) character file.

Game seed: 16723688319188287080

11 sanka the Skirmisher (level 2, -4/18 HPs)
             Began as a Palentonga Abyssal Knight on Nov 17, 2021.
             Was a Follower of Lugonu.
             Slain by a kobold (9 damage)
             ... on level 1 of the Dungeon.
             The game lasted 00:01:16 (1015 turns).

sanka the Skirmisher (Palentonga Abyssal Knight)    Turns: 1015, Time: 00:01:16

Health: -4/18      AC:  4    Str: 16    XL:     2   Next: 17%
Magic:  3/3        EV:  9    Int:  6    God:    Lugonu [*.....]
Gold:   43         SH:  0    Dex:  6    Spells: 1/1 levels left

rFire   . . .      SeeInvis +   a - +1 hand axe
rCold   . . .      Faith    .   (no shield)
rNeg    . . .      Spirit   .   b - +0 leather armour
rPois   .          Reflect  .   (no helmet)
rElec   .          Harm     .   (no cloak)
rCorr   .          Rampage  .   (no gloves)
Will    .....      Rage     3%  (no barding)
Stlth   +.........              (no amulet)
HPRegen 0.00/turn               (no ring)
MPRegen 0.08/turn               (no ring)

@: inhibited regen, unable to read
A: large, rugged brown scales 3, see invisible, deformed body, roll 1, armoured
tail, [berserk 2], [clumsy 2], [dopey 2], [frail 3], [inhibited regeneration],
[inability to read while threatened]
a: Rolling Charge, Renounce Religion, Depart the Abyss


You were on level 1 of the Dungeon.
You worshipped Lugonu.
Lugonu was aware of your devotion.
You visited 1 branch of the dungeon, and saw 1 of its levels.
You visited the Abyss 1 time.

You collected 43 gold pieces.


Innate Abilities, Weirdness & Mutations

You are completely covered in rugged brown scales. (AC +3, +7% HP)
You have supernaturally acute eyesight. (SInv)
Armour fits poorly on your strangely shaped body.
You can roll at nearby foes to attack.
You have a long armoured tail.
[You often lose your temper in combat.]
[You are very clumsy. (Dex -4)]
[You are very dopey. (Int -4)]
[You are extremely frail. (-30% HP)]
[You do not regenerate when monsters are visible.]
[You sometimes lose the ability to read scrolls when taking damage.]


   Skills:
 - Level 3.0 Fighting
 + Level 2.9 Axes
 - Level 1.5 Armour
 - Level 0.7 Dodging
 - Level 2.0 Invocations


You had one spell level left.
You didn't know any spells.
Your spell library was empty.

Inventory:

Hand Weapons
 a - a +1 hand axe (weapon)
Armour
 b - a +0 leather armour (worn)
Scrolls
 d - a scroll of enchant weapon {unknown}
Potions
 c - a potion of ambrosia {unknown}
 e - a potion of lignification {unknown}

Dungeon Overview and Level Annotations

Branches:
Dungeon (1/15)

Altars:

Shops:
D:1

[ ..▒▒.▒▒.....▒▒.....▒
..▒▒.▒▒.....▒▒.....▒
..▒▒.▒▒.....▒▒.....▒
............▒▒.....▒
.>..........▒▒.....▒
............▒▒.....▒
...................▒
.............▒.....▒▒▒▒▒
.............▒▒▒H.......
.............▒ ▒.K......
.......▒▒....▒ ▒........
... ▒....▒ ▒........ ▒▒
▒....▒ ▒........ ▒....▒
▒........ ▒........
▒▒.▒▒▒▒▒▒


You could see a kobold.


Message History

You feel threatened and lose the ability to read scrolls!
You hit the endoplasm.
You kill the endoplasm!
Lugonu accepts your kill.
No target in view!
No target in view!
You start resting.
You can read scrolls again.
HP restored.
You see here 20 bolts.
A kobold comes into view.
It is wielding a +1 dagger of electrocution.
The kobold shouts!
The kobold throws a stone.
The stone barely misses you.
A kobold is nearby!
A kobold is nearby!
A kobold is nearby!
The kobold throws a stone.
The stone hits you but does no damage.
The kobold hits you with a +1 dagger of electrocution.
You are electrocuted!
Ouch! That really hurt!
* * * LOW HITPOINT WARNING * * *
You hit the kobold but do no damage.
The kobold hits you with a +1 dagger of electrocution.
You feel threatened and lose the ability to read scrolls!
* * * LOW HITPOINT WARNING * * *
You are electrocuted!
Ouch! That really hurt!
You die...

Action                   || total
-------------------------++-------
Melee: Hand axe          ||    21
       Tailslap          ||     2
Invok: Depart the Abyss  ||     1
Armor: Leather armour    ||     7
Dodge: Dodged            ||     8

Levels and vault maps discovered:
D:1:      erik_arrival_orb_chamber, layout_basic,
          hellmonk_ecumenical_altar_inner_sanctum, serial_shops,
          nicolae_shop_statue_plus

Notes
Turn   | Place    | Note
-------+----------+-------------------------------------------
     0 | Abyss:1  | sanka the Palentonga Abyssal Knight began the quest for the
                  | Orb.
     0 | Abyss:1  | Reached XP level 1. HP: 19/19 MP: 2/2
    70 | Abyss:1  | Noticed a flying skull
   103 | Abyss:1  | Noticed a quasit
   103 | Abyss:1  | Noticed a wretched star
   108 | Abyss:1  | Noticed a thrashing horror
   138 | Abyss:1  | Noticed a blink frog
   147 | D:1      | Escaped the Abyss
   405 | D:1      | Found Fiedemac's Antique Armour Shoppe.
   461 | D:1      | Reached * piety under Lugonu
   678 | D:1      | Found a faded altar of an unknown god.
   684 | D:1      | Reached XP level 2. HP: 15/18 MP: 3/3
  1015 | D:1      | Slain by a kobold

Vanquished Creatures
  An endoplasm (D:1)
  2 giant cockroaches (D:1)
  A goblin (D:1)
  A hobgoblin (D:1)
  2 ball pythons (D:1)
  2 frilled lizards (D:1)
  A kobold (D:1)
  2 rats (D:1)
12 creatures vanquished.
